 Dungeon Crawl Stone Soup version 0.32-a0-960-g3814254bd7 (webtiles) character file.

Game seed: 13216688894830000835

15821 Sanktem7 the Cleaver (level 12, -4/107 HPs)
             Began as a Minotaur Fighter on Apr 17, 2024.
             Was a High Priest of Okawaru.
             Engulfed by a fire crab's flame (18 damage)
             ... on level 11 of the Dungeon.
             The game lasted 00:23:54 (11190 turns).

Sanktem7 the Cleaver (Minotaur Fighter)            Turns: 11190, Time: 00:23:55

Health: -4/107     AC: 21    Str: 24    XL:     12   Next: 4%
Magic:  11/11      EV:  5    Int:  4    God:    Okawaru [*****.]
Gold:   687        SH: 11    Dex: 16    Spells: 11/11 levels left

rFire   . . .        K - +5 broad axe of Instinct {vamp, +Blink rPois Int-3, axe}
rCold   + + .        v - +0 kite shield
rNeg    . . .        j - +0 plate armour
rPois   +            (helmet restricted)
rElec   .            J - +2 cloak {Stlth+}
rCorr   .            h - +0 pair of gloves
SInv    .            C - +0 pair of boots
Will    .....        (no amulet) Stlth
                     a - +6 ring of dexterity
HPRegen 0.37/turn    o - ring of protection from cold
MPRegen 0.12/turn

%: no passive effects
@: no status effects
A: horns 2, retaliatory headbutt, cold resistance 1
a: Renounce Religion, Evoke Blink, Heroism, Finesse, Duel


You were on level 11 of the Dungeon.
You worshipped Okawaru.
Okawaru was extremely pleased with you.
You visited 1 branch of the dungeon, and saw 11 of its levels.
You also visited: Sewer and Bailey.

You collected 687 gold pieces.


Innate Abilities, Weirdness & Mutations

You have a pair of horns on your head.
You reflexively headbutt those who attack you in melee.
Your flesh is cold resistant. (rC+)


   Skills:
 + Level 10.5 Fighting
 * Level 13.9 Axes
 + Level 7.9 Throwing
 + Level 10.3 Armour
 + Level 10.3 Shields


You had 11 spell levels left.
You didn't know any spells.
Your spell library contained the following spells:

 Spells                   Type           Power      Damage    Failure   Level
 Magic Dart               Conj           0%         1d3       100%        1
 Shock                    Conj/Air       0%         1d3       100%        1
 Mercury Vapours          Alch/Air       0%         N/A       100%        2
 Searing Ray              Conj           0%         2d4       100%        2
 Dazzling Flash           Conj/Hex       0%         N/A       100%        3
 Mephitic Cloud           Conj/Alch/Air  0%         N/A       100%        3
 Stone Arrow              Conj/Erth      0%         3d7       100%        3
 Swiftness                Air            0%         N/A       100%        3
 Airstrike                Air            0%         2d(0-16)  100%        4
 Fulminant Prism          Conj/Alch      0%         3d5       100%        4
 Leda's Liquefaction      Alch/Erth      0%         N/A       100%        4
 Freezing Cloud           Conj/Ice/Air   0%         6-21      100%        5
 Lee's Rapid Deconstruct  Erth           0%         3d4*      100%        5
 Permafrost Eruption      Ice/Erth       0%         2x4d1     100%        6
 Starburst                Conj/Fire      0%         6d3       100%        6
 Seismic Cannonade        Alch/Erth      0%         6d4       100%        7
 Fulsome Fusillade        Conj/Alch      0%         (3-5)d4   100%        8
 Lehudib's Crystal Spear  Conj/Erth      0%         10d2      100%        8
 Animate Armour           Summ/Erth      Unusable   N/A       N/A         4

Inventory:

Hand Weapons
 m - a +1 heavy war axe {axe}
   (You found it on level 6 of the Dungeon)
 F - the +7 Throatcutter {drain, coup de grace}
   (You found it on level 6 of the Dungeon)
 K - the +5 broad axe of Instinct (weapon) {vamp, +Blink rPois Int-3, axe}
   (You took it off a spriggan in a bailey)

   Int-3:     It affects your intelligence (-3).
   rPois:     It protects you from poison.
   +Blink:    It lets you blink.
 N - the +4 flail "Fetyqoat" {flame, Str+3, mace}
   (You found it on level 10 of the Dungeon)

   Str+3:     It affects your strength (+3).
Missiles
 i - 4 javelins {throwing}
 q - 5 boomerangs {throwing}
 r - a throwing net {=f!fthrowing}
 t - a datura-tipped dart {throwing}
 x - 42 stones {throwing}
 A - 57 poisoned darts (quivered) {throwing}
 E - 2 curare-tipped darts {=fthrowing}
Armour
 h - a +0 pair of gloves (worn)
   (You found it on level 6 of the Dungeon)
 j - a +0 plate armour (worn)
   (You found it on level 5 of the Dungeon)
 v - a +0 kite shield (worn)
   (You found it on level 3 of the Dungeon)
 C - a +0 pair of boots (worn)
   (You found it on level 4 of the Dungeon)
 J - a +2 cloak of stealth (worn)
   (You found it on level 9 of the Dungeon)
Jewellery
 a - a +6 ring of dexterity (left hand)
   (You found it on level 4 of the Dungeon)
 o - a ring of protection from cold (right hand)
   (You found it on level 7 of the Dungeon)
Wands
 s - a wand of quicksilver (7)
   (You found it on level 6 of the Dungeon)
 u - a wand of iceblast (12)
   (You found it on level 4 of the Dungeon)
 O - a wand of polymorph (6)
   (You found it on level 10 of the Dungeon)
Scrolls
 c - 2 scrolls of enchant armour
 e - 4 scrolls of fear
 f - 5 scrolls of noise {!r}
 w - 6 scrolls of blinking {!r}
 y - 3 scrolls of revelation
 z - 3 scrolls of teleportation {@r4}
 D - 2 scrolls of enchant weapon
 G - 2 scrolls of fog
 H - 2 scrolls of identify {@r1}
 P - a scroll of immolation {!r!r}
Potions
 b - 2 potions of enlightenment
 d - 2 potions of might
 g - a potion of ambrosia
 k - 4 potions of lignification {!q}
 l - 7 potions of curing {@q1}
 n - 2 potions of mutation {!q}
 p - a potion of invisibility
 B - 4 potions of degeneration {!q@e2}
 I - a potion of cancellation {unknown}
 L - a potion of heal wounds {unknown}
 M - 2 potions of brilliance {unknown}

Dungeon Overview and Level Annotations

Branches:
Dungeon (11/15) Zot: 25501  Temple (0/1) D:4            Lair (0/5) D:8
    Orc (0/2) D:11          Sewer (visited)          Bailey (visited)

Altars:
Elyvilon
Makhleb
Okawaru
Ru
Trog
Wu Jian
Xom
Yredelemnul
Zin

Shops:
D:7 * D:9

: #.......#.# #..##########
###.......#.# t#............
..........#.# ○#............
..######..#.# ○#............ ..#
#..#.# ○#.....####### ..# #..#.#
○#.....# ..# #..#÷# ○#.....# ..#
#..#.#######.#.....#
..######..#.†...@t÷.#.....#######
..........###########...........<
......................÷.÷<.......
.................................
.................................
.................................
.................................
#.......................######...
#........###'##.........# #...


You could see a fire crab.


Message History

You see here a fire crab corpse. 2 fire crabs come into view.
The fire crab breathes flames at you.
The blast of flame engulfs the fire crab.
The fire crab completely resists.
You see here a minotaur skeleton.
You are engulfed in blazing flames. 😕 HP[-7]
You take 7 damage, and now have 94/101 hp.
Unknown command.
You are engulfed in blazing flames. 😕 HP[-16]
You take 16 damage, and now have 78/101 hp. 😕 HP[+1]
You block the fire crab's attack. The fire crab claws you!
You are engulfed in flames! 😮 HP[-18]
You take 18 damage, and now have 61/101 hp.
You slice the fire crab!!
You feel better.
You headbutt the fire crab, but do no damage.
The fire crab breathes flames at you.
The blast of flame misses you. 😕 HP[+21]
You regained 21 hp, and now have 82/101 hp.
You hit the fire crab.
You are engulfed in blazing flames.
The fire crab bites you but does no damage.
The fire crab claws you but does no damage. 😕 HP[-1]
You take 1 damage, and now have 81/101 hp.
You slash the fire crab!
You are engulfed in blazing flames.
The fire crab bites you but does no damage.
You block the fire crab's attack. 😮 HP[-14]
You take 14 damage, and now have 67/101 hp.
You hit the fire crab but do no damage.
You headbutt the fire crab, but do no damage.
You are engulfed in blazing flames.
* * * LOW HITPOINT WARNING * * *
The fire crab breathes flames at you.
The blast of flame engulfs you but does no damage. 😨 HP[-22]
You take 22 damage, and now have 45/101 hp.
MASSIVE DAMAGE!! (PAUSE)
You slash the fire crab!
You feel better.
You are engulfed in blazing flames.
* * * LOW HITPOINT WARNING * * *
You block the fire crab's attack. x2 😨 HP[-11]
You take 11 damage, and now have 34/101 hp.
You hit the fire crab.
You feel better.
You kill the fire crab!
Okawaru accepts your kill.
You have reached level 12!
You feel agile. 😨 HP[+3] MP[+1]
You now have 107 max hp (+6).
You regained 3 hp, and now have 37/107 hp.
Your mp is fully restored (11).
You slice the fire crab!!
You feel better.
You headbutt the fire crab, but do no damage.
The fire crab breathes flames at you.
The blast of flame engulfs you but does no damage. 😮 HP[+17]
You regained 17 hp, and now have 54/107 hp.
You barely miss the fire crab.
You are engulfed in blazing flames.
The fire crab breathes flames at you.
The blast of flame engulfs you but does no damage.
You hit the fire crab but do no damage.
You are engulfed in blazing flames.
* * * LOW HITPOINT WARNING * * *
The fire crab breathes flames at you. The blast of flame misses you. 😨 HP[-7]
You take 7 damage, and now have 47/107 hp.
You barely miss the fire crab.
You are engulfed in blazing flames.
* * * LOW HITPOINT WARNING * * *
You block the fire crab's attack. x2 😨 HP[-8]
You take 8 damage, and now have 39/107 hp.
You closely miss the fire crab.
You are engulfed in blazing flames.
* * * LOW HITPOINT WARNING * * *
The fire crab breathes flames at you.
The blast of flame misses you. 😨 HP[-11]
You take 11 damage, and now have 28/107 hp.
You hit the fire crab.
You feel better.
You headbutt the fire crab.
You are engulfed in blazing flames.
* * * LOW HITPOINT WARNING * * *
The fire crab breathes flames at you. The blast of flame engulfs you.
* * * LOW HITPOINT WARNING * * *
😱 HP[-16]
You take 16 damage, and now have 12/107 hp.
You hit the fire crab.
You feel better.
You headbutt the fire crab. The fire crab breathes flames at you.
The blast of flame engulfs you!
* * * LOW HITPOINT WARNING * * *
😱 HP[-9]
You take 9 damage, and now have 3/107 hp.
Unknown command.
You feel better.
You are engulfed in blazing flames.
You die...

Skill      XL: |  1  2  3  4  5  6  7  8  9 10 11 |
---------------+----------------------------------+-----
Axes           | 3 4 5 7 8 10 12 13 | 13.9
Fighting       | 4 5 6 8 9 10 | 10.5
Armour         | 4 5 6 8 9 10 | 10.3
Shields        | 4 5 6 8 9 10 | 10.3
Throwing       | 1 3 4 5 6 7 |  7.9

Action                     |  1- 3 |  4- 6 |  7- 9 | 10-12 || total
---------------------------+-------+-------+-------+-------++-------
  Melee: War axe           |    74 |    66 |       |       ||   140
         Headbutt          |    13 |    10 |    33 |    52 ||   108
         Hand axe          |       |    36 |   187 |    63 ||   286
         Broad axe         |       |       |       |   177 ||   177
  Throw: Javelin           |       |       |     3 |     3 ||     6
         Dart              |       |       |       |     9 ||     9
    Use: Scroll            |       |    11 |     6 |     1 ||    18
         Potion            |       |     2 |       |     2 ||     4
 Armour: Scale mail        |    73 |    71 |     6 |       ||   150
         Plate armour      |       |       |   144 |   254 ||   398
  Dodge: Dodged            |    25 |    29 |    38 |    57 ||   149
  Block: Buckler           |    13 |    15 |       |       ||    28
         Kite shield       |       |    17 |    92 |   156 ||   265

Levels and vault maps discovered:
D:1:      saegor_arrival_simple_d, layout_basic
D:2:      layout_basic, basic_altar, minmay_randomly_rotated_circles
D:3:      layout_basic, grunt_temple_overflow_champion_of_chaos
D:4:      layout_rooms, nicolae_overflow_crystal_walls,
          okawaru_ov_weapons_minmay, minmay_temple_entry_antechambers,
          kennysheep_small_circle
D:5:      layout_basic, minitemple
D:6:      layout_gridville, portal_sewer_entry_f, dilly_guarded_unrand_throatcut
D:7:      layout_loops_ring, nicolae_shop_fire_sale [nicolae_sub_dead_trees]
D:8:      layout_basic, lair_entry_dummy
D:9:      layout_loops_ring, mainiacjoe_overflow_alcove_4, enter_bailey_2,
          nicolae_shop_self_help
D:10:     layout_long_grid, nicolae_ru_awakened_eye,
          mainiacjoe_overflow_catwalk, minmay_microvault, uniq_erolcha,
          uniq_maggie
D:11:     gammafunk_mikee_crab_dinner, layout_irregular_city

Notes
Turn   | Place    | Note
-------+----------+-------------------------------------------
     0 | D:1      | Sanktem7 the Minotaur Fighter began the quest for the Orb.
     0 | D:1      | Reached XP level 1. HP: 19/19 MP: 0/0
     0 | D:1      | magus.rc [v1.9.6]
   156 | D:1      | You pick up a book of the Earth and begin reading...
   156 | D:1      | You add the spells Leda's Liquefaction, Lee's Rapid
                  | Deconstruction and Permafrost Eruption to your library.
   185 | D:1      | Reached XP level 2. HP: 23/27 MP: 1/1
   432 | D:1      | Reached skill level 3 in Axes
   877 | D:2      | Reached skill level 4 in Fighting
   877 | D:2      | Reached skill level 4 in Armour
   877 | D:2      | Reached skill level 4 in Shields
   877 | D:2      | Reached XP level 3. HP: 25/33 MP: 2/2
  1033 | D:2      | Found a burning altar of Makhleb.
  1504 | D:2      | Reached XP level 4. HP: 40/40 MP: 3/3
  1533 | D:2      | You pick up a book of Vapours and begin reading...
  1533 | D:2      | You add the spells Mercury Vapours, Mephitic Cloud and
                  | Freezing Cloud to your library.
  1770 | D:3      | Reached skill level 4 in Axes
  2417 | D:3      | Found a burning altar of Makhleb.
  2417 | D:3      | Found a shimmering altar of Xom.
  2781 | D:4      | Reached XP level 5. HP: 42/47 MP: 4/4
  2842 | D:4      | You pick up a book of Armaments and begin reading...
  2842 | D:4      | You add the spells Stone Arrow, Animate Armour, Seismic
                  | Cannonade and Lehudib's Crystal Spear to your library.
  2950 | D:4      | You pick up a book of Conjurations {@e2} and begin
                  | reading...
  2950 | D:4      | You add the spells Magic Dart, Searing Ray and Fulminant
                  | Prism to your library.
  2966 | D:4      | Found an iron altar of Okawaru.
  2972 | D:4      | Became a worshipper of Warmaster Okawaru
  2973 | D:4      | Identified the +12 hand axe of Fabulous Watchfulness
                  | {venom, Str+3}
  3105 | D:4      | Found a staircase to the Ecumenical Temple.
  3189 | D:4      | Found a basalt altar of Yredelemnul.
  3353 | D:4      | Gained mutation: You are covered in fur. (AC +1) [potion of
                  | mutation]
  3353 | D:4      | Gained mutation: Your body sometimes deteriorates upon
                  | taking damage. [potion of mutation]
  3353 | D:4      | Gained mutation: Potions are less effective at restoring
                  | your health. [potion of mutation]
  3353 | D:4      | Gained mutation: Your flesh is cold resistant. (rC+)
                  | [potion of mutation]
  3354 | D:4      | Lost mutation: Potions are less effective at restoring your
                  | health. [potion of mutation]
  3354 | D:4      | Lost mutation: Your body sometimes deteriorates upon taking
                  | damage. [potion of mutation]
  3354 | D:4      | Lost mutation: You are covered in fur. (AC +1) [potion of
                  | mutation]
  3378 | D:5      | Entered Level 5 of the Dungeon
  3445 | D:5      | Noticed an ice beast
  3448 | D:5      | Killed an ice beast
  3449 | D:5      | Reached skill level 5 in Axes
  3449 | D:5      | Reached skill level 1 in Throwing
  3449 | D:5      | Reached XP level 6. HP: 55/55 MP: 5/5
  3463 | D:5      | Reached skill level 5 in Fighting
  3463 | D:5      | Reached skill level 5 in Armour
  3463 | D:5      | Reached skill level 5 in Shields
  3470 | D:5      | Reached * piety under Okawaru
  3555 | D:5      | Reached XP level 7. HP: 61/61 MP: 6/6
  3610 | D:5      | Reached skill level 6 in Axes
  3610 | D:5      | Reached skill level 2 in Throwing
  3738 | D:5      | Found a bloodstained altar of Trog.
  3744 | D:5      | Found an ornate altar of the Wu Jian Council.
  4022 | D:5      | Reached ** piety under Okawaru
  4443 | D:6      | Found a glowing drain.
  4461 | Sewer    | Entered a sewer
  4534 | Sewer    | Noticed Pargi
  4539 | Sewer    | Killed Pargi
  4540 | Sewer    | Reached skill level 7 in Axes
  4540 | Sewer    | Reached skill level 3 in Throwing
  4540 | Sewer    | Reached XP level 8. HP: 70/70 MP: 7/7
  4623 | D:6      | Reached skill level 6 in Fighting
  4623 | D:6      | Reached skill level 6 in Shields
  4806 | D:6      | Reached skill level 6 in Armour
  5205 | D:6      | Reached skill level 8 in Axes
  5362 | D:6      | Reached *** piety under Okawaru
  5542 | D:6      | Found the +7 Throatcutter {drain, coup de grace}
  5547 | D:6      | Reached skill level 4 in Throwing
  5554 | D:6      | Reached XP level 9. HP: 59/78 MP: 8/8
  5562 | D:6      | Reached skill level 7 in Fighting
  5568 | D:6      | Reached skill level 9 in Axes
  5568 | D:6      | Reached skill level 7 in Shields
  5702 | D:7      | Reached skill level 7 in Armour
  5769 | D:7      | Reached **** piety under Okawaru
  6004 | D:7      | You pick up a book of Air and begin reading...
  6004 | D:7      | You add the spells Shock, Swiftness and Airstrike to your
                  | library.
  6142 | D:7      | You pick up a book of Spectacle and begin reading...
  6142 | D:7      | You add the spells Dazzling Flash, Starburst and Fulsome
                  | Fusillade to your library.
  6299 | D:7      | Found Wivyty's Fire Supplies.
  6535 | D:8      | Reached skill level 5 in Throwing
  6547 | D:8      | Reached skill level 10 in Axes
  6548 | D:8      | HP: 16/75 [wight/+0 spear (4)]
  6803 | D:8      | Noticed a two-headed ogre
  6815 | D:8      | Killed a two-headed ogre
  6816 | D:8      | Reached skill level 8 in Fighting
  6816 | D:8      | Reached skill level 8 in Armour
  6816 | D:8      | Reached skill level 8 in Shields
  6816 | D:8      | Reached XP level 10. HP: 39/88 MP: 9/9
  6819 | D:8      | Reached ***** piety under Okawaru
  7194 | D:8      | Found a staircase to the Lair.
  7200 | D:8      | You pick up a book of Spectacle and begin reading...
  7530 | D:9      | Found Hejedghikh's Self-Improvement Boutique.
  7546 | D:9      | Reached skill level 11 in Axes
  7639 | D:9      | Received a gift from Okawaru
  7820 | D:9      | Found a flagged portal.
  7829 | Bailey   | Entered a bailey
  7873 | Bailey   | Reached skill level 6 in Throwing
  7911 | Bailey   | Identified the +5 broad axe of Instinct {vamp, +Blink rPois
                  | Int-3}
  7915 | Bailey   | Identified the +6 lajatang "Killer Bee's Curse" {venom,
                  | rPois rN+}
  7944 | Bailey   | Noticed a two-headed ogre
  7969 | Bailey   | HP: 22/90 [two-headed ogre/+0 bardiche (10)]
  7973 | Bailey   | Killed a two-headed ogre
  7974 | Bailey   | Reached skill level 9 in Fighting
  8409 | D:9      | Found a white marble altar of Elyvilon.
  8606 | D:10     | Entered Level 10 of the Dungeon
  8609 | D:10     | Found a sacrificial altar of Ru.
  8635 | D:10     | Noticed a meliai
  8637 | D:10     | Killed a meliai
  8637 | D:10     | Received a gift from Okawaru
  8638 | D:10     | Reached skill level 12 in Axes
  8643 | D:10     | Identified the +4 flail "Fetyqoat" {flame, Str+3}
  8691 | D:10     | Noticed Maggie
  8699 | D:10     | Killed Maggie
  8700 | D:10     | Reached skill level 9 in Armour
  8700 | D:10     | Reached skill level 9 in Shields
  8759 | D:10     | Reached XP level 11. HP: 34/97 MP: 10/10
  8803 | D:10     | Noticed a two-headed ogre
  8810 | D:10     | HP: 12/97 [two-headed ogre/+0 giant spiked club (22)]
  8813 | D:10     | Killed a two-headed ogre
  9171 | D:10     | Noticed Erolcha
  9185 | D:10     | Killed Erolcha
  9409 | D:10     | Found a glowing silver altar of Zin.
  9724 | D:11     | Reached skill level 7 in Throwing
  9895 | D:11     | Found a runed translucent door.
 10114 | D:11     | Noticed a two-headed ogre
 10120 | D:11     | Killed a two-headed ogre
 10121 | D:11     | Reached skill level 13 in Axes
 10226 | D:11     | Noticed a boulder beetle
 10262 | D:11     | Killed a boulder beetle
 10263 | D:11     | Reached skill level 10 in Fighting
 10523 | D:11     | Found a staircase to the Orcish Mines.
 10629 | D:11     | Noticed a fire crab
 10640 | D:11     | Killed a fire crab
 10816 | D:11     | Noticed a fire crab
 10816 | D:11     | Noticed an entropy weaver
 10821 | D:11     | Killed a fire crab
 10821 | D:11     | Received a gift from Okawaru
 10822 | D:11     | Reached skill level 10 in Armour
 10822 | D:11     | Reached skill level 10 in Shields
 10829 | D:11     | Killed an entropy weaver
 10834 | D:11     | Noticed a fire crab
 10838 | D:11     | HP: 12/101 [fire crab] (16)]
 10842 | D:11     | HP: 2/151 [fire crab (9)]
 10843 | D:11     | Killed a fire crab
 11105 | D:11     | Noticed a fire crab
 11111 | D:11     | Killed a fire crab
 11172 | D:11     | Noticed a fire crab
 11172 | D:11     | Noticed a fire crab
 11182 | D:11     | Killed a fire crab
 11183 | D:11     | Reached XP level 12. HP: 37/107 MP: 11/11
 11188 | D:11     | HP: 16/107 [fire crab] (13)]
 11189 | D:11     | HP: 3/107 [fire crab/blast of flame (11)]
 11190 | D:11     | Engulfed by a fire crab's flame

Vanquished Creatures
  Erolcha (D:10)
  An entropy weaver (D:11)
  A boulder beetle (D:11)
  4 two-headed ogres
  5 fire crabs (D:11)
  A manticore (D:11)
  A meliai (shapeshifter) (D:10)
  Maggie (D:10)
  A troll (D:11)
  2 shadows
  3 yaks (D:11)
  2 wyverns (D:8)
  5 spriggans (Bailey)
  3 steam dragons
  7 vampire mosquitoes
  A water moccasin (D:8)
  3 acid dragons
  3 orc warriors
  Pargi (Sewer)
  2 ice beasts
  5 ogres
  4 centaurs
  2 phantoms
  9 kobold brigands
  A bullfrog (D:9)
  A gnoll sergeant (D:9)
  6 scorpions
  13 wights
  7 howler monkeys
  A crimson imp (D:3)
  2 bombardier beetles
  A hound (D:7)
  6 orc priests
  An iguana (D:5)
  11 orc wizards
  A sleepcap (D:5)
  4 gnolls (D:9)
  6 adders
  A shadow imp (D:7)
  4 white imps
  2 ufetubi (D:6)
  4 dart slugs
  3 ribbon worms
  38 orcs
  7 endoplasms
  2 giant cockroaches (D:6)
  5 hobgoblins
  10 jackals
  15 kobolds
  4 quokkas
  5 ball pythons
  4 bats
  3 frilled lizards (D:2)
  8 goblins
  4 rats
248 creatures vanquished.

Table legend:
 A = Non-vault XP
 B = Vault XP
 C = Vault XP percentage of total XP
 D = Non-vault monster count
 E = Vault monster count
 F = Vault count percentage of total count
                 A         B        C        D         E       F
            +---------+---------+-------+---------+---------+-------
      Total |   12981 |    9621 |  42.6 |     202 |      46 |  18.5
            +---------+---------+-------+---------+---------+-------
        D:1 |      31 |       0 |   0.0 |      18 |       0 |   0.0
        D:2 |      65 |      17 |  20.7 |      15 |       6 |  28.6
        D:3 |      28 |      50 |  64.1 |      10 |       1 |   9.1
        D:4 |      68 |       2 |   2.9 |      13 |       1 |   7.1
        D:5 |    1065 |       0 |   0.0 |      27 |       0 |   0.0
        D:6 |    1050 |     691 |  39.7 |      21 |      12 |  36.4
        D:7 |     980 |       0 |   0.0 |      20 |       0 |   0.0
        D:8 |    2697 |       0 |   0.0 |      31 |       0 |   0.0
        D:9 |     556 |       0 |   0.0 |      14 |       0 |   0.0
       D:10 |    2142 |    1743 |  44.9 |      19 |       3 |  13.6
       D:11 |    4299 |    4700 |  52.2 |      14 |       6 |  30.0
      Sewer |       0 |     144 | 100.0 |       0 |       8 | 100.0
     Bailey |       0 |    2274 | 100.0 |       0 |       9 | 100.0
            +---------+---------+-------+---------+---------+-------

Skill      XL: |  1  2  3  4  5  6  7  8  9 10 11 |
---------------+----------------------------------+-----
Axes           | 3 4 5 7 8 10 12 13 | 13.9
Fighting       | 4 5 6 8 9 10 | 10.5
Armour         | 4 5 6 8 9 10 | 10.3
Shields        | 4 5 6 8 9 10 | 10.3
Throwing       | 1 3 4 5 6 7 |  7.9

Action                     |  1- 3 |  4- 6 |  7- 9 | 10-12 || total
---------------------------+-------+-------+-------+-------++-------
  Melee: War axe           |    74 |    66 |       |       ||   140
         Headbutt          |    13 |    10 |    33 |    52 ||   108
         Hand axe          |       |    36 |   187 |    63 ||   286
         Broad axe         |       |       |       |   177 ||   177
  Throw: Javelin           |       |       |     3 |     3 ||     6
         Dart              |       |       |       |     9 ||     9
    Use: Scroll            |       |    11 |     6 |     1 ||    18
         Potion            |       |     2 |       |     2 ||     4
 Armour: Scale mail        |    73 |    71 |     6 |       ||   150
         Plate armour      |       |       |   144 |   254 ||   398
  Dodge: Dodged            |    25 |    29 |    38 |    57 ||   149
  Block: Buckler           |    13 |    15 |       |       ||    28
         Kite shield       |       |    17 |    92 |   156 ||   265

Illustrated notes

Table legend:
 A = Kills in this place as a percentage of kills in the entire game.
 B = Kills by you in this place as a percentage of kills by you in the entire game.
 C = Kills by friends in this place as a percentage of kills by friends in the entire game.
 D = Other kills in this place as a percentage of other kills in the entire game.
 E = Experience gained in this place as a percentage of experience gained in the entire game.
 F = Experience gained in this place divided by the number of levels of this place that you have seen.
                   A       B       C       D       E      F
               +-------+-------+-------+-------+-------+----------------------
         Total | 100.0 | 100.0 |   N/A |   N/A | 100.0 | 1738.6
       Dungeon |  93.1 |  93.1 |   N/A |   N/A |  89.3 | 1834.9
         Sewer |   3.2 |   3.2 |   N/A |   N/A |   0.6 | 144.0
        Bailey |   3.6 |   3.6 |   N/A |   N/A |  10.1 | 2274.0
               +-------+-------+-------+-------+-------+----------------------

Table legend: (Time is in decaauts)
 A = Elapsed time spent in this place.
 B = Non-inter-level travel time spent in this place.
 C = Inter-level travel time spent in this place.
 D = Time resting spent in this place.
 E = Time spent auto-exploring this place.
 F = Levels seen in this place.
 G = Mean time per level.
                   A        B        C        D        E       F      G
               +--------+--------+--------+--------+--------+-----+--------+
         Total |  11267 |  10992 |    275 |    547 |   8446 |  13 |  866.7 |
       Dungeon |  10743 |  10468 |    275 |    535 |   8171 |  11 |  976.6 |
         Sewer |    139 |    139 |      0 |      0 |     85 |   1 |  139.0 |
        Bailey |    383 |    383 |      0 |     12 |    189 |   1 |  383.0 |
               +--------+--------+--------+--------+--------+-----+--------+

Top non-repeatable levels by time:
    D:11: 1498 daAuts
     D:6: 1208 daAuts
     D:3: 1111 daAuts
    D:10: 1100 daAuts
     D:8: 1097 daAuts
     D:5: 989 daAuts
     D:2: 873 daAuts
     D:1: 816 daAuts
     D:7: 727 daAuts
     D:9: 692 daAuts
     D:4: 629 daAuts
  Bailey: 383 daAuts
   Sewer: 139 daAuts
